[Event "Late-Titled-Tuesday-Blitz-June-25-2024"]
[Site "Chess.com"]
[Date "2024.06.25"]
[Round "5"]
[White "Mackster23"]
[Black "LiemLe"]
[Result "0-1"]
[WhiteElo "2680"]
[BlackElo "3032"]
[TimeControl "180+1"]
[EndTime "14:54:10 PDT"]
[Termination "LiemLe won by resignation"]

1. e4 c5 2. Nf3 d6 3. d4 cxd4 4. Nxd4 Nf6 5. Nc3 a6 6. Be3 e5 7. Nb3 Be7 8. Be2 Be6 9. O-O O-O 10. Bf3 Nbd7 11. a4 Qc7 12. a5 Rfc8 13. Re1 h6 14. h3 Bd8 15. Nd2 Qc6 16. Nf1 b6 17. axb6 Nxb6 18. Bc1 Nc4 19. b3 Ba5 20. Qd3 Bb4 21.
Rd1 Nb6 22. Na4 Nxa4 23. Rxa4 a5 24. Ne3 Nd7 25. Ra2 Nc5 26. Qxd6 Qxd6 27. Rxd6 Nxb3 28. Rxe6 Nxc1 29. Ra1 fxe6 30. Rxc1 Bd2 31. Rd1 Bxe3 32. fxe3 Rxc2 33. Bg4 Rc6 34. Ra1 a4 35. Be2 a3 0-1

[Event "Late-Titled-Tuesday-Blitz-June-25-2024"]
[Site "Chess.com"]
[Date "2024.06.25"]
[Round "5"]
[White "Njal28"]
[Black "rasmussvane"]
[Result "1-0"]
[WhiteElo "3112"]
[BlackElo "2978"]
[TimeControl "180+1"]
[EndTime "14:54:12 PDT"]
[Termination "Njal28 won on time"]

1. e4 c6 2. d4 d5 3. e5 Bf5 4. Bd3 Bxd3 5. Qxd3 e6 6. Ne2 c5 7. c3 Nc6 8. O-O Rc8 9. Nd2 Nge7 10. Nf3 Ng6 11. g3 cxd4 12. cxd4 Be7 13. h4 O-O 14. h5 Nh8 15. h6 g6 16. a3 f6 17. Nf4 Qd7 18. exf6 Bxf6 19. Bd2 Nxd4 20. Nxd4 e5 21. Nde6 Rf7 22. Nxd5 Qxe6 23. Rad1 Rd8 24. Ba5 Rdf8 25.
Bb4 Re8 26. Rfe1 Bg5 27. Bc3 Qf5 28. Qxf5 Rxf5 29. g4 Rff8 30. Bxe5 Re6 31. Bg7 Rfe8 32. Rxe6 Rxe6 33. f4 Bh4 34. g5 1-0

[Event "Late-Titled-Tuesday-Blitz-June-25-2024"]
[Site "Chess.com"]
[Date "2024.06.25"]
[Round "5"]
[White "vi_pranav"]
[Black "h4parah5"]
[Result "1-0"]
[WhiteElo "3056"]
[BlackElo "2967"]
[TimeControl "180+1"]
[EndTime "14:54:13 PDT"]
[Termination "vi_pranav won by resignation"]

1. e4 c5 2. Nf3 Nc6 3. Bb5 e6 4. Bxc6 bxc6 5. d3 Ne7 6. O-O Ng6 7. Ng5 f6 8. Nh3 d5 9. Nc3 e5 10. Qh5 d4 11. Ne2 Qd7 12. f3 Bd6 13. b3 O-O 14. Ng3 Ne7 15. f4 Qg4 16. f5 Qxh5 17. Nxh5 g6 18. fxg6 hxg6 19. Nxf6+ Kg7 20. Bg5 Bxh3 21. gxh3 Rf7 22. Ng4 Ng8 23. Rxf7+ Kxf7 24. Rf1+ Ke6 25. Nh6 Be7 26. Bxe7 Nxh6 27. Bxc5 Nf7 28. a4 a6 29.
Kg2 Rh8 30. Rf3 Ng5 31. Rg3 Kf6 32. Be7+ Kxe7 33. Rxg5 Kf6 34. Rg3 c5 35. Rf3+ Kg7 36. Kg3 a5 37. h4 Rh7 38. Kg4 Rh8 39. Kh3 Rh7 40. Rg3 Kf6 41. Rg5 Rh5 42. Kg4 Rh8 43.
h5 gxh5+ 44. Rxh5 Rg8+ 45. Kf3 Rg1 46. Rh6+ Kf7 47. Rc6 Rf1+ 48. Kg4 1-0

[Event "Late-Titled-Tuesday-Blitz-June-25-2024"]
[Site "Chess.com"]
[Date "2024.06.25"]
[Round "5"]
[White "guillembaches"]
[Black "Alblooshi_Hamad"]
[Result "0-1"]
[WhiteElo "2532"]
[BlackElo "2315"]
[TimeControl "180+1"]
[EndTime "14:54:13 PDT"]
[Termination "Alblooshi_Hamad won on time"]

1. e4 e5 2. Nf3 Nc6 3. Nc3 Nf6 4. d4 exd4 5. Nxd4 Bb4 6. Nxc6 bxc6 7. Bd3 O-O 8. O-O d5 9. Bd2 d4 10. Ne2 Bxd2 11.
Qxd2 c5 12. b3 Re8 13. Ng3 Bb7 14. Rae1 a5 15. a4 Ba6 16. Qg5 Nd7 17. Qxd8 Rexd8 18. Bxa6 Rxa6 19. f4 Nf6 20. h3 g6 21. Rd1 c4 22.
bxc4 Rc6 23. e5 Ne8 24. c3 Rxc4 25. cxd4 Rcxd4 26. Rxd4 Rxd4 27. Rb1 Kf8 28. f5 Rxa4 29. f6 Rb4 30. Rc1 a4 31. Rc6 Rb6 32. Rc2 a3 33. Ra2 Ra6 34. Ne4 c6 35. Nc5 Ra5 36.
Nd7+ Kg8 37. Kf2 Nc7 38. Ke3 Nd5+ 39. Kd4 Nb4 40. Rf2 a2 41. e6 a1=Q+ 0-1

[Event "Late-Titled-Tuesday-Blitz-June-25-2024"]
[Site "Chess.com"]
[Date "2024.06.25"]
[Round "5"]
[White "osielchesslover2011"]
[Black "KorolDimitriy75"]
[Result "1/2-1/2"]
[WhiteElo "2188"]
[BlackElo "2399"]
[TimeControl "180+1"]
[EndTime "14:54:13 PDT"]
[Termination "Game drawn by repetition"]

1. e4 c5 2. Nf3 d6 3. d4 cxd4 4. Nxd4 Nf6 5. Nc3 g6 6. Be3 Bg7 7. f3 O-O 8. Qd2 Nc6 9. Bc4 Bd7 10. h4 Qa5 11. Bb3 Rfc8 12. h5 Nxh5 13. g4 Nf6 14. O-O-O Ne5 15. Bh6 Bxh6 16. Qxh6 Rxc3 17. bxc3 Qxc3 18.
Kb1 Rc8 19. g5 Nh5 20. Rxh5 gxh5 21. f4 Nc4 22. Bxc4 Rxc4 23. Rd3 Qe1+ 24. Kb2 Qf2 25.
f5 Rxd4 26. f6 Rb4+ 27. Kc3 Qc5+ 28. Kd2 Qf2+ 29. Kc3 Qc5+ 30. Kd2 Qf2+ 31. Kc3 1/2-1/2

[Event "Late-Titled-Tuesday-Blitz-June-25-2024"]
[Site "Chess.com"]
[Date "2024.06.25"]
[Round "5"]
[White "corvachesky"]
[Black "RTchess367"]
[Result "1-0"]
[WhiteElo "2476"]
[BlackElo "2244"]
[TimeControl "180+1"]
[EndTime "14:54:14 PDT"]
[Termination "corvachesky won by checkmate"]

1. Nf3 Nf6 2. b3 d5 3. Bb2 c5 4. e3 Nc6 5. Bb5 Bg4 6. h3 Bh5 7. g4 Bg6 8. Ne5 Rc8 9. f4 Be4 10. O-O e6 11. d3 Bg6 12. h4 h5 13. Bxc6+ bxc6 14. Nxg6 fxg6 15. g5 Ng4 16. Qf3 Bd6 17. e4 c4 18. e5 Bc5+ 19. d4 Be7 20. bxc4 O-O 21. c5 Rb8 22. Bc1 Qe8 23. Nd2 Qf7 24.
Nb3 Qf5 25. Qd3 Rb5 26. Qxf5 Rxf5 27. a4 Rb7 28. Na5 Rc7 29. Rb1 Rf8 30. Bd2 Rfc8 31.
Rb7 Rxb7 32. Nxb7 Rb8 33. Na5 Rb2 34. Nxc6 Rxc2 35. Nxe7+ Kf7 36. Nc8 Rxd2 37. Rc1 Nh2 38. Rc3 Ng4 39. c6 Rxd4 40. c7 Rd1+ 41. Kg2 Rd2+ 42.
Kf1 d4 43. Nd6+ Ke7 44. c8=Q dxc3 45. Qe8# 1-0

[Event "Late-Titled-Tuesday-Blitz-June-25-2024"]
[Site "Chess.com"]
[Date "2024.06.25"]
[Round "5"]
[White "GoltsevDmitry2000"]
[Black "esskeettit"]
[Result "1-0"]
[WhiteElo "2700"]
[BlackElo "2497"]
[TimeControl "180+1"]
[EndTime "14:54:17 PDT"]
[Termination "GoltsevDmitry2000 won by resignation"]

1. e4 c6 2. e5 d6 3. exd6 exd6 4. d4 d5 5. Nf3 Nf6 6. c4 dxc4 7. Bxc4 Bd6 8. O-O O-O 9. Nc3 Bg4 10. Bg5 Nbd7 11. a3 Qc7 12. h3 Bh5 13. Re1 h6 14. Bh4 g5 15. g4 Bg6 16. Nxg5 hxg5 17. Bxg5 Rfe8 18.
Qf3 Nh7 19. Bh6 Bf8 20. Bf4 Bd6 21. Bd2 Nb6 22. Ba2 Bf8 23. h4 Bg7 24. h5 Bc2 25. Rec1 Ba4 26. b3 Bxd4 27. bxa4 Rad8 28. Nb5 Qe5 29.
Nxd4 Rxd4 30. Bxf7+ Kh8 31. Bc3 Rf8 32. Qe3 Qxe3 33. fxe3 Rxf7 34. Bxd4+ Kg8 35. Rf1 Re7 36. Bxb6 axb6 37. Rf5 Rxe3 38. Kg2 Re2+ 39. Kf3 Rb2 40. Re1 1-0

[Event "Late-Titled-Tuesday-Blitz-June-25-2024"]
[Site "Chess.com"]
[Date "2024.06.25"]
[Round "5"]
[White "chess_sharparchitect"]
[Black "Winner_7777"]
[Result "0-1"]
[WhiteElo "2333"]
[BlackElo "2512"]
[TimeControl "180+1"]
[EndTime "14:54:17 PDT"]
[Termination "Winner_7777 won on time"]

1. c4 e5 2. Nc3 d6 3. Nf3 f5 4. d4 e4 5. Ng5 Be7 6. h4 Nf6 7. e3 O-O 8. Be2 h6 9. Nh3 c5 10. b3 Nc6 11. Bb2 Kh7 12. Qd2 cxd4 13. exd4 d5 14. Ng5+ Kh8 15. cxd5 Nxd5 16. Bc4 Bb4 17.
O-O-O Bxc3 18. Bxc3 hxg5 19. hxg5+ Kg8 20. g6 Be6 21. Rh7 Qf6 22. Rdh1 Qxg6 23. Rh8+ Kf7 24. R8h3 Rad8 25. Bxd5 Rxd5 26. Rg3 Qf6 27. Rh7 Rg8 28. Kb1 Nxd4 29. Bxd4 Qxd4 30. Qg5 Qd1+ 0-1

[Event "Late-Titled-Tuesday-Blitz-June-25-2024"]
[Site "Chess.com"]
[Date "2024.06.25"]
[Round "5"]
[White "AldokhinIvan"]
[Black "vanyakuba"]
[Result "1-0"]
[WhiteElo "2648"]
[BlackElo "2460"]
[TimeControl "180+1"]
[EndTime "14:54:19 PDT"]
[Termination "AldokhinIvan won by resignation"]

1. e4 d5 2. Nc3 dxe4 3. Nxe4 Qd5 4. Qf3 Nc6 5. Ne2 e5 6. N2c3 Qe6 7. Bb5 Bd7 8. d3 a6 9. Ng5 Qf6 10. Bc4 Qxf3 11.
Nxf3 h6 12. Be3 Nf6 13. O-O-O Ng4 14. d4 Nxe3 15. fxe3 f6 16. Nh4 Bd6 17. Ng6 Rh7 18. Bg8 Bg4 19. Bxh7 Bxd1 20. Rxd1 Kf7 21. dxe5 Nxe5 22. Nxe5+ Bxe5 23. Bf5 Bxh2 24. Rd7+ Kf8 25. Bg6 Be5 26. Nd5 c6 27. Nf4 Re8 28. Bxe8 Kxe8 29.
Rxg7 Kf8 30. Ne6+ Ke8 31. Rh7 1-0

[Event "Late-Titled-Tuesday-Blitz-June-25-2024"]
[Site "Chess.com"]
[Date "2024.06.25"]
[Round "5"]
[White "JanistanTV"]
[Black "Eloist"]
[Result "1-0"]
[WhiteElo "2666"]
[BlackElo "2465"]
[TimeControl "180+1"]
[EndTime "14:54:20 PDT"]
[Termination "JanistanTV won on time"]

1. d4 e6 2. c4 Nf6 3. Nc3 Bb4 4. Qc2 c5 5. dxc5 O-O 6. a3 Bxc5 7. Nf3 b6 8. Bf4 Nh5 9. Bg5 Be7 10. Bxe7 Qxe7 11.
e3 Bb7 12. Be2 Nf6 13. O-O d6 14. Rfd1 Rd8 15. Rd2 Nbd7 16. b4 a6 17. Rad1 Nf8 18. Na4 Qc7 19. Qb2 Ne4 20. Rd3 Rac8 21. Nd2 b5 22.
Nxe4 Bxe4 23. Rd4 Bc6 24. Nc3 bxc4 25. Rxc4 Qb7 26. Bf1 d5 27. Rg4 Ng6 28. h4 f5 29.
Rg3 Nxh4 30. a4 Ng6 31. b5 axb5 32. axb5 Be8 33. b6 Rb8 34. Rb1 Rdc8 35. Qa3 Rc6 36. Ba6 Qa8 37. Qa5 Rxc3 38. Qxc3 Qxa6 39. Qc7 Qb7 40. Qd6 Bf7 41. e4 fxe4 42. Rc3 Rc8 43. Rxc8+ Qxc8 44. b7 1-0

[Event "Late-Titled-Tuesday-Blitz-June-25-2024"]
[Site "Chess.com"]
[Date "2024.06.25"]
[Round "5"]
[White "patzer-reloaded"]
[Black "prxcess_brownie"]
[Result "0-1"]
[WhiteElo "2413"]
[BlackElo "2230"]
[TimeControl "180+1"]
[EndTime "14:54:20 PDT"]
[Termination "prxcess_brownie won on time"]

1. d4 Nf6 2. c4 g6 3. Nc3 Bg7 4. e4 d6 5. Nf3 O-O 6. Be2 e5 7. Be3 Nc6 8. d5 Ne7 9. Nd2 Ne8 10. g4 f5 11. gxf5 gxf5 12. f3 fxe4 13. Ndxe4 Ng6 14. Qd2 Qh4+ 15. Nf2 Nf6 16. O-O-O Bf5 17.
Rdg1 Kh8 18. Nfe4 Bxe4 19. Nxe4 Nxe4 20. fxe4 Qxe4 21. Bd3 Qf3 22. Rf1 Qh5 23. Rhg1 Rxf1+ 24. Rxf1 Rf8 25. Rg1 Nf4 26. Be4 Ne2+ 27. Kc2 Nxg1 28.
Bxg1 Bh6 29. Qg2 Rg8 30. Qf2 Bf4 31. h4 Qg4 32. Bh2 Bxh2 33. Qf6+ Qg7 34. Qf5 Bf4 35. h5 h6 36. Kb3 Rf8 37. Qe6 Bg5 38. Bg6 Qe7 39. Qg4 Kg7 40. a3 Rf6 0-1

[Event "Late-Titled-Tuesday-Blitz-June-25-2024"]
[Site "Chess.com"]
[Date "2024.06.25"]
[Round "5"]
[White "zsizsi99"]
[Black "Mops_2004"]
[Result "0-1"]
[WhiteElo "2564"]
[BlackElo "2794"]
[TimeControl "180+1"]
[EndTime "14:54:21 PDT"]
[Termination "Mops_2004 won on time"]

1. e4 c5 2. Nf3 e6 3. d4 cxd4 4. Nxd4 Nc6 5. Nc3 Qc7 6. Qd3 Nf6 7. Ndb5 Qb8 8. Qg3 d6 9. Bf4 Nh5 10. Bxd6 Nxg3 11. Bxb8 Nxh1 12. Bf4 e5 13. Be3 Rb8 14. Nc7+ Kd8 15. N3b5 a6 16. O-O-O+ Bd7 17. Bb6 axb5 18. Bxb5 Kc8 19. Nd5 Nd4 20. Bxd4 exd4 21. Nb6+ Kc7 22. Nxd7 Rd8 23. Ne5 Nxf2 24. Rf1 Nxe4 25. Nxf7 Be7 26. Bd3 Nf6 27. Nxh8 Rxh8 28. Rf4 Rd8 29. h3 Rd5 30. g4 Bd6 31. Rf3 Re5 32. Kd1 Re3 33. Rf1 h6 34. h4 Rg3 35. g5 hxg5 36. hxg5 Rxg5 37. b3 Kd7 38. Rh1 Nd5 39. a4 Nc3+ 40. Kc1 Ba3+ 41. Kd2 Rg2+ 42. Ke1 Nd5 43. Be4 Bb4+ 44. Kd1 Ne3+ 45. Kc1 Rf2 0-1

[Event "Late-Titled-Tuesday-Blitz-June-25-2024"]
[Site "Chess.com"]
[Date "2024.06.25"]
[Round "5"]
[White "RodriQA"]
[Black "Sacbutt"]
[Result "0-1"]
[WhiteElo "2440"]
[BlackElo "2254"]
[TimeControl "180+1"]
[EndTime "14:54:21 PDT"]
[Termination "Sacbutt won by resignation"]

1. Nf3 e6 2. g3 d5 3. Bg2 Nf6 4.
O-O Be7 5. c4 O-O 6. b3 Nbd7 7.
Bb2 b6 8. cxd5 exd5 9. d4 Bb7 10. Nc3 Re8 11. Ne5 c5 12. Nxd7 Qxd7 13. dxc5 bxc5 14.
Rc1 d4 15. Na4 Bxg2 16. Kxg2 Qb5 17. Ba3 Rac8 18. Qd3 Qa5 19. Rc4 Nd7 20. Rfc1 Ne5 21.
Qf5 Nxc4 22. Rxc4 g6 23. Qd7 Qc7 24. Qxc7 Rxc7 25. Bxc5 Bxc5 26. Nxc5 Rxe2 27. a4 Rb2 28. b4 d3 29. Rd4 d2 30. Ne4 Rcc2 31. b5 f5 32.
Rd8+ Kg7 33. Ng5 h6 34. Rd7+ Kf6 35. Nh7+ Ke6 36. Rd3 Rc1 37. Nf8+ Kf7 38. Nxg6 Kxg6 0-1

[Event "Late-Titled-Tuesday-Blitz-June-25-2024"]
[Site "Chess.com"]
[Date "2024.06.25"]
[Round "5"]
[White "glebus008"]
[Black "Ali_rastbod"]
[Result "0-1"]
[WhiteElo "2416"]
[BlackElo "2714"]
[TimeControl "180+1"]
[EndTime "14:54:22 PDT"]
[Termination "Ali_rastbod won on time"]

1. a3 g6 2. d4 Nf6 3. Nf3 d5 4. e3 Bg7 5. Be2 O-O 6. O-O b6 7. c4 Bb7 8. Nc3 e6 9. cxd5 exd5 10. b4 Nbd7 11. b5 Re8 12. a4 a6 13. Ba3 c6 14.
bxc6 Bxc6 15. Rc1 h6 16. Bd3 Re6 17. Qe2 Bb7 18. Nd2 Bf8 19. Bxf8 Nxf8 20. Rc2 Re7 21. Rfc1 Ne6 22. Nf3 Qd6 23. Ne5 Ng7 24. Qf3 Rd8 25. Qf4 g5 26. Qf3 Rxe5 27. dxe5 Qxe5 28. Ne2 Ne6 29. Qf5 Qxf5 30. Bxf5 d4 31. Bxe6 d3 32. Bxf7+ Kf8 33. Rd2 Ne4 34. Rcd1 Nxd2 35. Rxd2 dxe2 36. Rxd8+ Ke7 37. Re8+ Kxf7 0-1

[Event "Late-Titled-Tuesday-Blitz-June-25-2024"]
[Site "Chess.com"]
[Date "2024.06.25"]
[Round "5"]
[White "UB_TheQueen"]
[Black "AlejandroArias"]
[Result "0-1"]
[WhiteElo "2030"]
[BlackElo "2357"]
[TimeControl "180+1"]
[EndTime "14:54:22 PDT"]
[Termination "AlejandroArias won on time"]

1. e4 c5 2. Nf3 g6 3. d4 cxd4 4. Nxd4 Nc6 5. Nc3 Bg7 6. Be3 Nf6 7. Bc4 Qa5 8. O-O O-O 9. h3 Qb4 10. Nxc6 bxc6 11. Qd3 d6 12. Rab1 a5 13. a3 Qb8 14.
Na4 c5 15. Nc3 Bb7 16. Nd5 Nxd5 17. Bxd5 Bxd5 18. Qxd5 Qc7 19. f4 Rab8 20. b3 e6 21. Qd3 Rfd8 22. a4 Rbc8 23. c4 Rb8 24. f5 exf5 25.
exf5 Re8 26. Bf4 Bd4+ 27. Kh1 Qe7 28. fxg6 hxg6 29. Qg3 Be5 30. Bxe5 Qxe5 31. Qf3 Rb7 32. Rbd1 Rbe7 33. Rd5 Qe3 34. Qf6 Qxb3 35. Rf4 Qg3 36. Rh4 Re1+ 0-1

[Event "Late-Titled-Tuesday-Blitz-June-25-2024"]
[Site "Chess.com"]
[Date "2024.06.25"]
[Round "5"]
[White "Yaacovn"]
[Black "Zhigalko_Sergei"]
[Result "0-1"]
[WhiteElo "2688"]
[BlackElo "2967"]
[TimeControl "180+1"]
[EndTime "14:54:24 PDT"]
[Termination "Zhigalko_Sergei won on time"]

1. d4 Nf6 2. e3 e6 3. Bd3 d5 4. Nd2 c5 5. c3 Nc6 6. f4 Bd6 7. Nh3 O-O 8. O-O Bd7 9. Qe2 Rb8 10. a3 b5 11. Nf2 a5 12. Nf3 b4 13. axb4 axb4 14.
Ne5 bxc3 15. bxc3 Na5 16. Nfg4 Nxg4 17. Qxg4 Nb3 18. Ra6 f5 19. Qd1 Bxe5 20. fxe5 Qc8 21. Ra7 Bb5 22. Ba3 Bxd3 23. Qxd3 Rf7 24. Rxf7 Kxf7 25. c4 dxc4 26. Qxc4 cxd4 27. Qe2 Kg8 28. e4 Qd7 29. exf5 d3 30. fxe6 dxe2 31. exd7 exf1=Q+ 32. Kxf1 Kf7 0-1

[Event "Late-Titled-Tuesday-Blitz-June-25-2024"]
[Site "Chess.com"]
[Date "2024.06.25"]
[Round "5"]
[White "Niktlt"]
[Black "KaydenTroffChess"]
[Result "1-0"]
[WhiteElo "2581"]
[BlackElo "2807"]
[TimeControl "180+1"]
[EndTime "14:54:24 PDT"]
[Termination "Niktlt won by checkmate"]

1. d4 Nf6 2. c4 g6 3. Nc3 d5 4.
Bf4 Bg7 5. e3 O-O 6. cxd5 Nxd5 7. Nxd5 Qxd5 8. Bxc7 Na6 9. Bxa6 bxa6 10. Nf3 Bf5 11. O-O Rfc8 12. Rc1 Qxa2 13. Qd2 Qd5 14.
Ba5 Be4 15. Rxc8+ Rxc8 16. Ne1 e5 17. f3 Bb1 18. Bc3 exd4 19. exd4 Rc4 20. f4 Bxd4+ 21. Bxd4 Rxd4 22. Qc3 Be4 23. f5 Bxf5 24. Nf3 Rd3 25. Qc7 Qd7 26. Qb8+ Kg7 27. Qe5+ f6 28. Qc5 Be4 29.
Ng5 Bb7 30. h4 Rd2 31. Nf3 Rd5 32. Qc3 Qd6 33. Ng5 Rd2 34. Ne6+ Kf7 35. Qxf6+ Ke8 36. Ng7+ Kd7 37. Qf7+ Kc6 38. Rc1+ Kb6 39. Qb3+ Ka5 40. Ra1+ Qa3 41. Rxa3# 1-0

[Event "Late-Titled-Tuesday-Blitz-June-25-2024"]
[Site "Chess.com"]
[Date "2024.06.25"]
[Round "5"]
[White "Flopezin"]
[Black "ansko1999"]
[Result "0-1"]
[WhiteElo "2363"]
[BlackElo "2579"]
[TimeControl "180+1"]
[EndTime "14:54:25 PDT"]
[Termination "ansko1999 won on time"]

1. Nf3 d5 2. c4 c6 3. e3 Nf6 4. b3 e6 5. Bb2 Bd6 6. Be2 O-O 7. O-O Nbd7 8. d4 Qe7 9. Nc3 dxc4 10. Bxc4 e5 11. dxe5 Nxe5 12. Be2 Rd8 13. Qc2 Bg4 14. Nxe5 Qxe5 15. g3 Qh5 16. f3 Bh3 17. Rfd1 Bc5 18. Bc1 Qe5 19. Kf2 Rxd1 20. Bxd1 Re8 21. Ne4 Nxe4+ 22.
fxe4 Qxa1 23. Qxc5 Qxa2+ 24. Bc2 Be6 25. Qc3 Rd8 26.
Bb2 f6 27. e5 f5 28. Bxf5 Rf8 29. e4 Qb1 30. Kg2 Bxf5 31. e6 Qxe4+ 32. Kg1 Qg4 0-1

[Event "Late-Titled-Tuesday-Blitz-June-25-2024"]
[Site "Chess.com"]
[Date "2024.06.25"]
[Round "5"]
[White "GelmanAlexander"]
[Black "Duhless"]
[Result "0-1"]
[WhiteElo "2703"]
[BlackElo "3100"]
[TimeControl "180+1"]
[EndTime "14:54:30 PDT"]
[Termination "Duhless won by resignation"]

1. c4 Na6 2. d3 g6 3. Nf3 Bg7 4. e3 Nc5 5. Be2 d6 6. Qc2 Nf6 7. Nc3 a5 8. b3 O-O 9. O-O e5 10. Bb2 Re8 11. Rfd1 Bf5 12. Nd2 h5 13. a3 e4 14.
dxe4 Nfxe4 15. Ncxe4 Nxe4 16. Nxe4 Bxe4 17. Qd2 Qg5 18.
Bf1 Bxb2 19. Qxb2 h4 20. h3 Re6 21. Qd4 Rae8 22. Rd2 b6 23. b4 c5 24. bxc5 bxc5 25.
Qc3 a4 26. Rad1 Bf3 27. Rb1 Be4 28. Rb6 Qe7 29. Rdb2 d5 30. f3 Rxb6 31. Rxb6 Bf5 32. cxd5 Qxe3+ 33. Qxe3 Rxe3 34. Rc6 Rxa3 35. Rxc5 Ra1 36.
Kf2 Kg7 37. Ra5 Kf6 38. f4 a3 39. Ra6+ Kg7 40. Bc4 Rc1 41. Bf1 Rxf1+ 42. Kxf1 Bd3+ 0-1

[Event "Late-Titled-Tuesday-Blitz-June-25-2024"]
[Site "Chess.com"]
[Date "2024.06.25"]
[Round "5"]
[White "GrotBchess"]
[Black "mouseslips_are_the_best"]
[Result "0-1"]
[WhiteElo "2592"]
[BlackElo "2381"]
[TimeControl "180+1"]
[EndTime "14:54:30 PDT"]
[Termination "mouseslips_are_the_best won by checkmate"]

1. e4 e6 2. d4 d5 3. Nc3 Nf6 4. e5 Nfd7 5. f4 c5 6. Nf3 Nc6 7. Be3 a6 8. Ne2 Qb6 9. Rb1 f6 10. c3 Be7 11. Kf2 O-O 12. Kg1 cxd4 13. Bxd4 Nxd4 14.
cxd4 fxe5 15. fxe5 g5 16. h3 h5 17. Qd3 Kg7 18. Qe3 Rf5 19. g4 Rxf3 20. Qxf3 Nxe5 21. Qe3 Nc4 22. Qd3 h4 23. b3 Ne5 24. Qe3 Ng6 25.
Bg2 Bd7 26. Kf2 Rf8+ 27. Ke1 Nf4 28. Bf3 Bb4+ 29. Kd1 Nxe2 30. Bxe2 Rf4 31. Rf1 Qxd4+ 32. Qxd4+ Rxd4+ 33. Kc2 Rd2+ 34. Kc1 Rxe2 35. a3 Bxa3+ 36. Kd1 Bb5 37. Re1 Rxe1+ 38. Kxe1 e5 39. Rd1 d4 40. Kf2 e4 41. Re1 e3+ 42. Kf3 Bc6+ 43. Ke2 Bb4 44. Rc1 Bb5+ 45. Kf3 Bc6+ 46. Ke2 Bd2 47. Rc5 Kf6 48.
Rf5+ Kg6 49. Kd3 Bb5+ 50. Kc2 d3+ 51. Kd1 Bc3 52. Rxb5 e2+ 53. Kc1 e1=Q# 0-1

[Event "Late-Titled-Tuesday-Blitz-June-25-2024"]
[Site "Chess.com"]
[Date "2024.06.25"]
[Round "5"]
[White "KNVB"]
[Black "Charodej1"]
[Result "1/2-1/2"]
[WhiteElo "2685"]
[BlackElo "2486"]
[TimeControl "180+1"]
[EndTime "14:54:30 PDT"]
[Termination "Game drawn by agreement"]

1. e4 c6 2. Nc3 d5 3. f4 dxe4 4. Nxe4 Nf6 5. Nf2 g6 6. b3 Bg7 7. Bb2 O-O 8. Nf3 c5 9. g3 Nc6 10. Bg2 Qc7 11. O-O Rd8 12. Qe2 Bf5 13. Rfe1 Nd4 14. Nxd4 cxd4 15. c4 dxc3 16. dxc3 Rd7 17.
c4 Rad8 18. Rad1 Rxd1 19. Rxd1 Rxd1+ 20. Qxd1 b6 21. Be5 Qc8 22. Qd4 Ne8 23. Bxg7 Nxg7 24. g4 Be6 25. Bf3 h5 26. h3 hxg4 27. hxg4 Qd7 28. Qxd7 Bxd7 29. Nd3 Ne6 30. Kf2 f6 31.
Bd5 Kg7 32. Bxe6 Bxe6 33. g5 Bf5 34. Nb4 Bd7 35. Nd5 Kf7 36. Ke3 Bc6 37. Nb4 Bb7 38. Nd3 e5 39. gxf6 exf4+ 40. Kxf4 Kxf6 41. c5 g5+ 42. Ke3 Kf5 43. cxb6 axb6 44. a4 g4 45.
b4 g3 46. a5 bxa5 47. bxa5 1/2-1/2

[Event "Late-Titled-Tuesday-Blitz-June-25-2024"]
[Site "Chess.com"]
[Date "2024.06.25"]
[Round "5"]
[White "AlexOstrovskiy"]
[Black "Tigranpatagonian"]
[Result "1-0"]
[WhiteElo "2716"]
[BlackElo "2463"]
[TimeControl "180+1"]
[EndTime "14:54:32 PDT"]
[Termination "AlexOstrovskiy won on time"]

1. e4 e6 2. b3 b6 3. Bb2 Bb7 4. Nc3 Nf6 5. e5 Nd5 6. Nxd5 Bxd5 7. Nf3 Be7 8. Bd3 Bb7 9. Qe2 a5 10. a3 Na6 11. c4 Nc5 12. Bc2 a4 13. b4 Nb3 14. Rd1 d5 15. exd6 cxd6 16. d4 Rc8 17.
Bd3 O-O 18. O-O Bf6 19. Rfe1 Re8 20. h3 g6 21. Qe3 Bxf3 22. gxf3 Bg5 23. f4 Bh6 24. d5 e5 25. Qf3 Bxf4 26. Kh1 Qh4 27. Rg1 e4 28. Bxe4 Rxe4 29. Rg4 Qe7 30. Rxf4 Rcxc4 31. Rf6 Rc2 32. Ba1 Nd2 33. Rxd2 Rxd2 34.
Rxf7 1-0

[Event "Late-Titled-Tuesday-Blitz-June-25-2024"]
[Site "Chess.com"]
[Date "2024.06.25"]
[Round "5"]
[White "talaicito"]
[Black "ATM622"]
[Result "1-0"]
[WhiteElo "2368"]
[BlackElo "2531"]
[TimeControl "180+1"]
[EndTime "14:54:32 PDT"]
[Termination "talaicito won by resignation"]

1. d4 d5 2. Bf4 Nf6 3. Nc3 e6 4. e3 c5 5. Nb5 Na6 6. c3 Be7 7. Nf3 O-O 8. Bd3 Bd7 9. a4 Ne4 10. Ne5 f5 11. f3 Nd6 12. Nxd6 Bxd6 13. Nf7 Rxf7 14. Bxd6 cxd4 15. exd4 Bxa4 16. Qxa4 Qxd6 17. Bxa6 bxa6 18. Qxa6 Rd8 19. O-O h5 20. Rfe1 Re7 21. b4 Kf7 22. Qxd6 Rxd6 23. Ra3 Rc6 24. Re3 f4 25. Rd3 Rec7 26. Kf2 Kf6 27. Ke2 g5 28. Kd2 g4 29. Ra5 Kg5 30. Rc5 Rxc5 31. dxc5 Kf5 32.
Kc2 Ke5 33. Rd2 gxf3 34. gxf3 Kf5 35. Rg2 e5 36. h4 e4 37. Rg5+ Ke6 38. Rxh5 Rg7 39.
c4 d4 40. fxe4 Rg3 41. c6 f3 42. Rf5 Kd6 43. b5 Rg2+ 44. Kd3 f2 45. Kxd4 Rg1 46. Rxf2 Rd1+ 47. Ke3 Rh1 48. Rf7 Rxh4 49. Rxa7 Rh3+ 50. Kd4 Rh1 51. Rd7+ Ke6 52. Kc5 Re1 53. Rd4 Rb1 54. c7 1-0

[Event "Late-Titled-Tuesday-Blitz-June-25-2024"]
[Site "Chess.com"]
[Date "2024.06.25"]
[Round "5"]
[White "Chessmissile07"]
[Black "ManMish2"]
[Result "1-0"]
[WhiteElo "2838"]
[BlackElo "2628"]
[TimeControl "180+1"]
[EndTime "14:54:33 PDT"]
[Termination "Chessmissile07 won on time"]

1. a3 e5 2. c4 a5 3. Nc3 Nc6 4. Nf3 Nf6 5. g3 d5 6. cxd5 Nxd5 7. Bg2 Be6 8. d4 exd4 9. Nxd4 Nxc3 10. bxc3 Nxd4 11.
Qxd4 Qxd4 12. cxd4 O-O-O 13. Bb2 Be7 14. O-O Bf6 15.
Rfd1 Rhe8 16. e4 Bb3 17. Rd2 c6 18. d5 c5 19. Rc1 b6 20. f4 Bxb2 21. Rxb2 a4 22.
e5 f6 23. Re1 fxe5 24. fxe5 Kb8 25. Rd2 c4 26. Re3 b5 27. d6 c3 28. Rxc3 Rxe5 29.
Rc7 Re1+ 30. Kf2 Re6 31. Rb7+ Kc8 32. d7+ Rxd7 33. Rdxd7 Rf6+ 34. Ke3 Re6+ 35. Kd4 Bc4 36. Bh3 1-0

[Event "Late-Titled-Tuesday-Blitz-June-25-2024"]
[Site "Chess.com"]
[Date "2024.06.25"]
[Round "5"]
[White "Big_Finky"]
[Black "Kielinkei"]
[Result "1-0"]
[WhiteElo "2359"]
[BlackElo "2501"]
[TimeControl "180+1"]
[EndTime "14:54:33 PDT"]
[Termination "Big_Finky won by resignation"]

1. d4 Nf6 2. c4 e6 3. g3 Bb4+ 4. Bd2 Qe7 5. Bg2 Nc6 6. Nf3 d6 7. O-O Bxd2 8. Qxd2 O-O 9. Nc3 e5 10. d5 Nb8 11. e4 a5 12. b3 Na6 13. a3 Nd7 14. Qb2 Ndc5 15. Rfd1 a4 16. b4 Nb3 17.
Rab1 f5 18. Nxa4 fxe4 19. Qxb3 exf3 20. Bxf3 Bf5 21. Rb2 e4 22. Re1 Rae8 23. Nc3 Qf6 24. Nxe4 Bxe4 25. Bxe4 Qd4 26. Rbe2 Kh8 27. Qd3 Qxd3 28.
Bxd3 Rxe2 29. Rxe2 c5 30. b5 Nc7 31. Re7 Ne8 32. Rxb7 Nf6 33. a4 Ng4 34. a5 Nxf2 35.
Bf1 Ng4 36. a6 Ne3 37. Bg2 Nxc4 38. a7 Kg8 39. Rb8 Nb6 40. Rxb6 1-0

[Event "Late-Titled-Tuesday-Blitz-June-25-2024"]
[Site "Chess.com"]
[Date "2024.06.25"]
[Round "5"]
[White "CFalcons8"]
[Black "pooh2012"]
[Result "1-0"]
[WhiteElo "2442"]
[BlackElo "2589"]
[TimeControl "180+1"]
[EndTime "14:54:34 PDT"]
[Termination "CFalcons8 won on time"]

1. d4 Nf6 2. c4 e6 3. Nf3 c5 4.
d5 b5 5. dxe6 fxe6 6. cxb5 a6 7.
bxa6 d5 8. e3 Be7 9. Bb5+ Nbd7 10.
Qe2 Qb6 11. O-O c4 12. Nc3 O-O 13. b3 Bb4 14. Bxd7 Bxd7 15. Bb2 Rfc8 16. bxc4 Rxc4 17. Rac1 Qxa6 18. Ne5 Bxc3 19. Bxc3 Bb5 20. Nxc4 Bxc4 21. Qb2 Bxf1 22. Rxf1 Rf8 23. Bd4 h6 24. h3 Rf7 25.
Rc1 Kh7 26. Qc2+ g6 27. a4 Kg7 28. Ra1 Qd6 29. Qb2 g5 30. a5 Qe7 31. a6 Kg6 32. a7 e5 33. a8=Q exd4 34. Qxd4 Ne4 35.
Qd3 Kh5 36. Qaxd5 Qf6 37. Q5xe4 1-0